 Dungeon Crawl Stone Soup version 0.29-a0-284-gf9362112df (webtiles) character file.

Game seed: 1582797906958543272

52 sammy202020 the Skirmisher (level 3, -1/29 HPs)
             Began as a Demonspawn Berserker on Mar 23, 2022.
             Was a Believer of Trog.
             Slain by Terence
             ... wielding a +0 flail
              (10 damage)
             ... on level 2 of the Dungeon.
             The game lasted 00:02:59 (1828 turns).

sammy202020 the Skirmisher (Demonspawn Berserker)   Turns: 1828, Time: 00:03:00

Health: -1/29      AC:  6    Str: 17    XL:     3   Next: 60%
Magic:  3/3        EV: 12    Int: 10    God:    Trog [**....]
Gold:   53         SH:  0    Dex: 18    Spells: 2/2 levels left

rFire   . . .      SeeInvis .   k - +0 war axe
rCold   . . .      Faith    .   (no shield)
rNeg    . . .      Spirit   .   g - +0 leather armour
rPois   .          Reflect  .   f - +2 helmet
rElec   .          Harm     .   (no cloak)
rCorr   .          Rampage  .   (no gloves)
Will    .....                   (no boots)
Stlth   +.........              (no amulet)
HPRegen 0.09/turn               l - +6 ring of dexterity
MPRegen 0.08/turn               (no ring)

@: no status effects
A: hooves 1
a: Renounce Religion, Berserk, Trog's Hand


You were on level 2 of the Dungeon.
You worshipped Trog.
Trog was pleased with you.
You visited 1 branch of the dungeon, and saw 2 of its levels.

You collected 53 gold pieces.

Inventory:

Hand Weapons
 a - a +0 hand axe
 k - a +0 war axe (weapon)
 m - a +0 mace
 s - the +5 dagger of Fimbulwinter {freeze, rPois rCorr Int+3}
   (You found it on level 2 of the Dungeon)

   It freezes those it strikes, dealing additional cold damage.
   It can also slow down cold-blooded creatures.
   Int:       It affects your intelligence (+3).
   rPois:     It protects you from poison.
   rCorr:     It protects you from acid and corrosion.
Armour
 b - a +0 animal skin
 f - a +2 helmet (worn)
 g - a +0 leather armour (worn)
 i - a scarf of shadows
Jewellery
 l - a +6 ring of dexterity (left hand)
Scrolls
 d - 3 scrolls of identify {unknown}
 e - 2 scrolls of teleportation {unknown}
 h - a scroll of fog {unknown}
 n - a scroll of amnesia {unknown}
 o - a scroll of holy word {unknown}
 q - a scroll of fear {unknown}
 r - a scroll of summoning {unknown}
 u - a scroll of vulnerability {unknown}
Potions
 c - 3 potions of curing {unknown}
 j - a potion of flight {unknown}
 p - a potion of lignification {unknown}
 t - a potion of invisibility {unknown}


   Skills:
 * Level 3.6 Fighting
 * Level 3.2 Axes
 * Level 2.4 Armour
 + Level 2.0 Dodging


You had 2 spell levels left.
You didn't know any spells.
Your spell library was empty.

Dungeon Overview and Level Annotations

Branches:
Dungeon (2/15)

Altars:
Makhleb

Annotations:
D:2 Terence


Innate Abilities, Weirdness & Mutations

You have large cloven feet.


Message History

Trog accepts your kill.
Things that are here:
a +0 whip; a kobold corpse An endoplasm comes into view.
An endoplasm is nearby!
The endoplasm quivers.
You barely miss the endoplasm.
You kick the endoplasm, but do no damage.
The endoplasm hits you but does no damage.
You hit the endoplasm.
You kill the endoplasm!
Trog accepts your kill.
No target in view!
No target in view!
No target in view!
No target in view!
No target in view!
No target in view!
No target in view!
No target in view!
No target in view!
No target in view!
No target in view!
u - a scroll labelled QEL UJILUDAUDA Terence the Incautious comes into view.
He is wielding a +0 flail.
Terence is nearby!
Terence asks, "Do you want it fast or slow?"
Terence closely misses you.
You closely miss Terence. Terence hits you but does no damage.
Terence hits you with a +0 flail!
You hit Terence. You kick Terence, but do no damage.
Terence is moderately wounded.
Terence closely misses you.
You hit Terence but do no damage. You kick Terence, but do no damage.
Terence is moderately wounded.
Terence hits you with a +0 flail!
You hit Terence but do no damage.
Terence is moderately wounded.
Terence hits you with a +0 flail!
You die...

#.####....
..........
##.####..# #######
#.## #..# #.....#
#..# #..# #.###.#
##.# #..###.###.##
#.# #...........#
###.####.###.###..#
...........#.# #@.#
##.)...#.#.#.# #@.#
#.....#.#.#.# #..#
#.....#.#.#.# #..#
#.....#.#.#.# ...#
####..#.#.#.# ##.#
##.#.#.# .# #...#.#
.# #)..#.#


You could see Terence.

Vanquished Creatures
  An adder (D:2)
  A worm (D:2)
  2 dart slugs (D:1)
  2 bats (D:2)
  7 endoplasms
  2 giant cockroaches
  A goblin (D:1)
  6 kobolds
  2 quokkas (D:1)
  4 ball pythons
  4 frilled lizards
  3 rats (D:1)
35 creatures vanquished.

Vanquished Creatures (others)
  2 fungi (D:1)
  A plant (D:1)
3 creatures vanquished.

Grand Total: 38 creatures vanquished

Notes
Turn   | Place    | Note
-------+----------+-------------------------------------------
     0 | D:1      | sammy202020 the Demonspawn Berserker began the quest for
                  | the Orb.
     0 | D:1      | Reached XP level 1. HP: 18/18 MP: 1/1
    53 | D:1      | Found a faded altar of an unknown god.
   174 | D:1      | Gained mutation: You have large cloven feet. [demonic
                  | ancestry]
   174 | D:1      | Reached XP level 2. HP: 24/24 MP: 2/2
  1325 | D:2      | Reached XP level 3. HP: 28/29 MP: 3/3
  1408 | D:2      | Reached ** piety under Trog
  1509 | D:2      | Identified the +5 dagger of Fimbulwinter {freeze, rPois
                  | rCorr Int+3}
  1521 | D:2      | Found a burning altar of Makhleb.
  1822 | D:2      | Noticed Terence
  1828 | D:2      | Slain by Terence

Illustrated notes

Levels and vault maps discovered:
D:1:      dpeg_arrival_simpleton_c, layout_basic,
          shapermc_ecumenical_altar_mp_ritualfount
D:2:      layout_basic, basic_altar, uniq_terence, uniq_natasha

Skill      XL: |  1  2 |
---------------+-------+-----
Armour         | 2 |  2.4
Axes           | 3 |  3.2
Dodging        | 2 |  2.0
Fighting       | |  3.6

Action                   || total
-------------------------++-------
Melee: Hand axe          ||    44
       War axe           ||    42
       Kick              ||    21
       Punch             ||     1
 Stab: Sleeping          ||     3
Armor: Animal skin       ||     2
       Leather armour    ||    27
       Skin              ||     1
Dodge: Dodged            ||    57

Table legend: (Time is in decaauts)
 A = Elapsed time spent in this place.
 B = Non-inter-level travel time spent in this place.
 C = Inter-level travel time spent in this place.
 D = Time resting spent in this place.
 E = Time spent auto-exploring this place.
 F = Levels seen in this place.
 G = Mean time per level.
                   A        B        C        D        E       F      G
               +--------+--------+--------+--------+--------+-----+--------+
         Total |   1848 |   1815 |     33 |      0 |   1451 |   2 |  924.0 |
       Dungeon |   1848 |   1815 |     33 |      0 |   1451 |   2 |  924.0 |
               +--------+--------+--------+--------+--------+-----+--------+

Top non-repeatable levels by time:
     D:1: 1302 daAuts
     D:2: 545 daAuts
